 Dungeon Crawl Stone Soup version 0.29.1-15-g9cfb28693d (webtiles) character file.

Game seed: 17554581422102607135

0 leafyfresh the Sneak (level 1, -25/16 HPs)
             Began as an Octopode Delver on Mar 14, 2023.
             Annihilated by an ogre
             ... wielding a +0 giant spiked club
              (33 damage)
             ... on level 5 of the Dungeon.
             The game lasted 00:00:09 (34 turns).

leafyfresh the Sneak (Octopode Delver)                Turns: 34, Time: 00:00:11

Health: -25/16     AC:  1    Str: 11    XL:     1   Next: 0%
Magic:  1/1        EV: 13    Int: 12    God:
Gold:   0          SH:  0    Dex: 13    Spells: 0/0 levels left

rFire   . . .      SeeInvis .   a - +0 short sword
rCold   . . .      Faith    .   (no shield)
rNeg    . . .      Spirit   .   (helmet restricted)
rPois   .          Reflect  .   (no amulet)
rElec   .          Harm     .   (no ring)
rCorr   .          Rampage  .   (no ring)
Will    .....                   (no ring)
Stlth   ++++......              (no ring)
HPRegen 0.05/turn               (no ring)
MPRegen 0.07/turn               (no ring)
                                (no ring)
                                (no ring)

@: no status effects
A: almost no armour, amphibious, 8 rings, camouflage 1, gelatinous body 1,
(nimble swimmer 1), tentacles
a: no special abilities


You were on level 5 of the Dungeon.
You visited 1 branch of the dungeon, and saw 1 of its levels.

Inventory:

Hand Weapons
 a - a +0 short sword (weapon)
Wands
 f - a wand of digging (3)
Scrolls
 b - a scroll of fog
 c - a scroll of magic mapping
 d - a scroll of fear
Potions
 e - a potion of haste


   Skills:
 + Level 3.0 Fighting
 - Level 2.0 Short Blades
 + Level 2.0 Dodging
 + Level 6.6 Stealth


You couldn't memorise any spells.
You didn't know any spells.
Your spell library was empty.

Dungeon Overview and Level Annotations

Branches:
Dungeon (5/15)
 Temple: D:4-7

Altars:

Annotations:
D:5 Sigmund


Innate Abilities, Weirdness & Mutations

You cannot wear most types of armour.
You are amphibious.
You can wear up to eight rings at the same time.
Your skin changes colour to match your surroundings (Stealth+).
Your rubbery body absorbs attacks. (AC +1, EV +1)
((You are camouflaged when in or above water. (Stealth+)))
You have tentacles for arms and can constrict up to eight enemies at once.


Message History

Welcome, leafyfresh the Octopode Delver.
Will you be the one to retrieve the magnificent Orb of Zot from the depths?
Press ? for a list of commands and other information.
Found a stone staircase leading down.
Key pressed, stopping explore.
No target in view!
There is a stone staircase leading down here.
There is a stone staircase leading down here.
An ogre comes into view. It is wielding a +0 giant spiked club.
Found 2 stones.
An ogre is nearby!
An ogre is nearby!
Sigmund the Dreaded comes into view.
He is wielding a +0 scythe.
Found a short sword.
The helpless Sigmund fails to defend himself.
You puncture Sigmund! You grab Sigmund. You squeeze Sigmund, but do no damage.
Sigmund is heavily wounded.
You constrict Sigmund, but do no damage.
Sigmund hits you with a +0 scythe!
Ouch! That really hurt!
The ogre shouts!
You hit Sigmund.
Sigmund is heavily wounded.
You constrict Sigmund.
You hear a bark!
Unknown command.
You hit Sigmund.
Sigmund is severely wounded.
You constrict Sigmund.
A hound comes into view.
Sigmund barely misses you.
The ogre hits you with a +0 giant spiked club!!
Ouch! That really hurt!
You die...

..)...###
..h.....#
#......+
#......+######
#......(....#
#...........#
#....O......##
#...@@........
######..###.#
#..# #.#
#..###.#
#....#.##
##...#..##
##..#...#
##...#.####.
#...#.#~~#.


You could see an ogre, Sigmund and a hound.

Vanquished Creatures (others)
  A fungus (D:5)
1 creature vanquished.

Notes
Turn   | Place    | Note
-------+----------+-------------------------------------------
     0 | D:5      | leafyfresh the Octopode Delver began the quest for the Orb.
     0 | D:5      | Reached XP level 1. HP: 16/16 MP: 1/1
    26 | D:5      | Noticed an ogre
    30 | D:5      | Noticed Sigmund
    34 | D:5      | Noticed a hound
    34 | D:5      | Annihilated by an ogre

Illustrated notes

Levels and vault maps discovered:
D:5:      cheibrodos_two_vegetables, layout_basic, serial_shops,
          nicolae_shop_stone, serial_aquarium, aquarium_bridge_square
          [aquarium_subvault_bridge, aquarium_subvault_balcony,
          aquarium_subvault_balcony, aquarium_subvault_wall],
          aquarium_bridge_square [aquarium_subvault_wall,
          aquarium_subvault_wall, aquarium_subvault_bridge,
          aquarium_subvault_window], aquarium_window_fake, aquarium_window_1,
          aquarium_window_1, aquarium_view_2b, aquarium_view_2c,
          minmay_manual_mail, uniq_sigmund, uniq_blork_the_orc

Action                   || total
-------------------------++-------
Melee: Short sword       ||     3
       Constrict         ||     1
       Tentacles         ||     1
 Stab: Sleeping          ||     1
Dodge: Dodged            ||     1
